 Dungeon Crawl Stone Soup version 0.24.0-123-gd5b16e6ec5 (webtiles) character file.

Game seed: 13583443810380126354, levelgen mode: deterministic

121 Elellon the Chopper (level 5, -3/47 HPs)
             Began as a Hill Orc Fighter on Jan 8, 2020.
             Killed by nerve-wracking pain
             ... invoked by Grinder
              (11 damage)
             ... on level 3 of the Dungeon.
             The game lasted 00:03:19 (1735 turns).

Elellon the Chopper (Hill Orc Fighter)              Turns: 1735, Time: 00:03:20

Health: -3/47      AC: 13    Str: 20    XL:     5   Next: 5%
Magic:  5/5        EV:  3    Int:  8    God:
Gold:   52         SH:  9    Dex: 10    Spells: 4/4 levels left

rFire    . . .     SeeInvis .   a - +0 war axe
rCold    . . .     Gourm    .   c - +0 shield
rNeg     . . .     Faith    .   m - +0 plate armour
rPois    .         Spirit   .   s - +0 helmet
rElec    .         Reflect  .   (no cloak)
rCorr    .         Harm     .   (no gloves)
MR       .....                  (no boots)
Stlth    ..........             (no amulet)
HPRegen  0.15/turn              (no ring)
MPRegen  0.09/turn              (no ring)

@: no status effects
A: no striking features
a: no special abilities


You were on level 3 of the Dungeon.
You were not hungry.

You visited 1 branch of the dungeon, and saw 3 of its levels.

You collected 52 gold pieces.

Inventory:

Hand Weapons
 a - a +0 war axe (weapon)
 k - a +1 mace of protection
Armour
 c - a +0 shield (worn)
 m - a +0 plate armour (worn)
 s - a +0 helmet (worn)
Jewellery
 i - an uncursed amulet of the gourmand {unknown}
Wands
 o - a wand of flame (16)
 r - a wand of random effects (14)
Scrolls
 b - 3 scrolls of remove curse {unknown}
 j - 6 scrolls of identify {unknown}
 l - a scroll of fear {unknown}
 n - a scroll of magic mapping {unknown}
 q - 2 scrolls of amnesia {unknown}
Potions
 d - a potion of might
 e - a potion of curing {unknown}
 h - 2 potions of degeneration {unknown}
 p - a potion of heal wounds {unknown}
Comestibles
 f - 6 rations
 g - 13 chunks of flesh


   Skills:
 + Level 4.4 Fighting
 * Level 4.6 Axes
 + Level 4.0 Armour
 + Level 4.0 Shields


You had 4 spell levels left.
You didn't know any spells.
Your spell library was empty.

Dungeon Overview and Level Annotations

Branches:
Dungeon (3/15)

Altars:

Annotations:
D:3 Grinder


Message History

Pain shoots through your body! The orc barely misses you.
You barely miss the orc.
The orc is heavily wounded.
You hit Grinder. Grinder gestures at you. Pain shoots through your body!
* * * LOW HITPOINT WARNING * * *
You block the orc's attack. Grinder barely misses you.
You hit the orc.
The orc is severely wounded.
You completely miss Grinder. The orc hits you but does no damage.
Grinder gestures at you. Pain shoots through your body!
* * * LOW HITPOINT WARNING * * *
You hit the orc.
You kill the orc!
You closely miss Grinder. Grinder gestures at you.
Pain shoots through your body!
You die...

#########.......#
#.......#
#.......#
#.......#
#.......#
#.......#
####.####
#.#########
#รท)@5.....#
#.#######.#
#######.#######
..........o...#
$.....5.!.......
#####.........#.
#...#.....#
#....%.....!.
..#...########


You could see Grinder.

Vanquished Creatures
  Robin (D:2)
  2 adders (D:2)
  An ooze (D:3)
  2 worms (D:2)
  3 dart slugs
  3 leopard geckos
  3 orcs (D:3)
  A ball python (D:1)
  2 bats
  5 giant cockroaches
  12 goblins
  12 hobgoblins
  2 jackals (D:1)
  8 kobolds
  A quokka (D:2)
  3 frilled lizards
  3 rats
64 creatures vanquished.

Notes
Turn   | Place    | Note
-------+----------+-------------------------------------------
     0 | D:1      | Elellon the Hill Orc Fighter began the quest for the Orb.
     0 | D:1      | Reached XP level 1. HP: 19/19 MP: 1/1
   103 | D:1      | Reached XP level 2. HP: 25/27 MP: 2/2
   582 | D:1      | Reached XP level 3. HP: 32/33 MP: 3/3
   952 | D:2      | Reached XP level 4. HP: 24/40 MP: 4/4
  1504 | D:3      | Noticed Robin
  1597 | D:2      | Killed Robin
  1707 | D:3      | Reached XP level 5. HP: 46/47 MP: 5/5
  1713 | D:3      | Noticed Grinder
  1724 | D:3      | Paralysed by Grinder for 5 turns
  1735 | D:3      | Killed from afar by Grinder

Levels and vault maps discovered:
D:1:      dpeg_arrival_chase, layout_basic
D:2:      layout_rooms
D:3:      layout_loops_corners, serial_park_tiny_1, minmay_distorted,
          uniq_grinder, uniq_ijyb, uniq_robin

Skill      XL: |  1  2  3  4  5 |
---------------+----------------+-----
Axes           | 3 4 |  4.6
Fighting       | 4 |  4.4
Armour         | 4 |  4.0
Shields        | 4 |  4.0

Action                   |  1- 3 |  4- 6 || total
-------------------------+-------+-------++-------
Melee: War axe           |   123 |    99 ||   222
  Eat: Chunk             |       |     3 ||     3
Armor: Scale mail        |    47 |       ||    47
       Plate armour      |    18 |    61 ||    79
Dodge: Dodged            |    33 |    14 ||    47
Block: Shield            |    68 |    59 ||   127
